 Dungeon Crawl Stone Soup version 0.22-a0-456-g11ed031 (webtiles) character file.

66 GameOver the Conjurer (level 4, 0/36 HPs)
             Began as a Naga Wizard on June 6, 2018.
             Slain by a phantom (8 damage)
             ... on level 3 of the Dungeon.
             The game lasted 00:06:49 (1526 turns).

GameOver the Conjurer (Naga Wizard)                 Turns: 1526, Time: 00:06:50

Health: 0/36       AC:  2    Str: 10    XL:     4   Next: 15%
Magic:  1/8        EV: 10    Int: 19    God:
Gold:   92         SH:  0    Dex:  9    Spells: 3/9 levels left

rFire    . . .     SeeInvis +   r - +0 spear (curse)
rCold    . . .     Gourm    .   (no shield)
rNeg     + . .     Faith    .   a - +0 robe
rPois    +         Spirit   .   b - +0 hat
rElec    .         Reflect  .   (no cloak)
rCorr    .         Harm     .   (no gloves)
MR       .....                  (no barding)
Stlth    ++........             (no amulet)
HPRegen  0.12/turn              c - ring of positive energy
MPRegen  0.11/turn              (no ring)

@: very slightly contaminated, invisible, very slow
A: large, see invisible, deformed body, poison resistance, slowness 2, slow
metabolism 1, spit poison 1, AC +1
a: Spit Poison


You were on level 3 of the Dungeon.
You were not hungry.

You visited 1 branch of the dungeon, and saw 3 of its levels.

You collected 92 gold pieces.

Inventory:

Hand Weapons
 r - a cursed +0 spear (weapon)
Armour
 a - a +0 robe (worn)
 b - a +0 hat (worn)
Jewellery
 c - a ring of positive energy (left hand)
Scrolls
 f - 3 scrolls of remove curse {unknown}
 h - 2 scrolls of teleportation {unknown}
 j - 2 scrolls of random uselessness {unknown}
 k - 4 scrolls of identify {unknown}
Potions
 e - a potion of lignification
 i - a potion of invisibility
 l - a potion of curing
 n - a potion of brilliance {unknown}
 o - a potion of flight {unknown}
 p - a potion of mutation {unknown}
 q - a potion of berserk rage {unknown}
Comestibles
 d - 9 rations
 m - 3 chunks of flesh


   Skills:
 - Level 1.5 Dodging
 - Level 3.0 Stealth
 - Level 3.0 Spellcasting
 + Level 3.9 Conjurations
   Level 1.0 Summonings
 - Level 1.0 Translocations


You had 3 spell levels left.
You knew the following spells:

 Your Spells              Type           Power        Failure   Level  Hunger
a - Magic Dart            Conj           ###.         3%          1    None
b - Blink                 Tloc           N/A          16%         2    ##.....
c - Mephitic Cloud        Conj/Pois/Air  #.......     26%         3    ###....

Your spell library contained the following spells:

 Spells                   Type           Power        Failure   Level  Hunger
 Conjure Flame            Conj/Fire      ##......     21%         3    ###....
 Slow                     Hex            #.......     22%         2    ##.....
 Call Imp                 Summ           #.......     16%         2    ##.....


Dungeon Overview and Level Annotations

Branches:
Dungeon (3/15)

Altars:
Okawaru
Sif Muna


Innate Abilities, Weirdness & Mutations

You cannot wear boots.
Your serpentine skin is tough. (AC +1)
You have supernaturally acute eyesight. (SInv)
Armour fits poorly on your strangely shaped body.
Your system is resistant to poisons. (rPois)
You cover ground very slowly.
You have a slow metabolism.
You can spit poison.


Message History

Attack whom?
Press: ? - help, Dir - move target cursor, f/p - phantom
Aim: a phantom (almost destroyed)
You reach to attack!
You barely miss the phantom.
The phantom is almost destroyed.
Attack whom?
Press: ? - help, Dir - move target cursor, f/p - phantom
Aim: a phantom (almost destroyed)
You closely miss the phantom.
The phantom is almost destroyed.
The phantom hits you.
* * * LOW HITPOINT WARNING * * *
The phantom blinks!
Attack whom?
Press: ? - help, Dir - move target cursor, f/p - phantom
Aim: a phantom (almost destroyed)
You barely miss the phantom.
The phantom is almost destroyed.
The phantom hits you!
You die...

############ #..
#..........####.###+#
#..........##........
#..........##........
#..........##........
#..........##........
##(...................
##....§....#.#.........
#.....@....'.#.........
#......W..†###†........
#.########.............
.. ##'##########.# .
#.........# #>.
#.........#####
#..............
#..........###.
#..........# #.


You could see a phantom.

Vanquished Creatures
  An adder (D:2)
  An adder skeleton (D:3)
  2 worms
  A leopard gecko (D:2)
  An orc (D:3)
  A ball python (D:1)
  4 giant cockroaches
  3 goblins
  5 hobgoblins
  3 jackals (D:1)
  6 kobolds
  5 bats
  3 frilled lizards
  8 rats
44 creatures vanquished.

Notes
Turn   | Place    | Note
-------+----------+-------------------------------------------
     0 | D:1      | GameOver the Naga Wizard began the quest for the Orb.
     0 | D:1      | Reached XP level 1. HP: 15/15 MP: 4/4
   210 | D:1      | Reached XP level 2. HP: 22/22 MP: 0/6
   678 | D:1      | Reached XP level 3. HP: 28/28 MP: 7/7
   682 | D:1      | Learned a level 2 spell: Blink
   686 | D:1      | Learned a level 3 spell: Mephitic Cloud
   988 | D:2      | Found an iron altar of Okawaru.
  1097 | D:2      | Found a deep blue altar of Sif Muna.
  1349 | D:3      | Noticed a phantom
  1351 | D:3      | Reached XP level 4. HP: 36/36 MP: 8/8
  1526 | D:3      | Slain by a phantom

Vault maps used:
D:1:      shiori_arrival_maze
D:2:      lemuel_doored_altar, led_sif_pool
D:3:      first_ration, kennysheep_jessica_study

Skill      XL: |  1  2  3 |
---------------+----------+-----
Conjurations   | 2 3 |  3.9
Dodging        | |  1.5
Stealth        | |  3.0
Spellcasting   | |  3.0
Summonings     | |  1.0
Translocations | |  1.0

Action                   |  1- 3 |  4- 6 || total
-------------------------+-------+-------++-------
Melee: Short sword       |     6 |       ||     6
       Spear             |       |    50 ||    50
 Cast: Magic Dart        |    39 |    25 ||    64
 Abil: Spit Poison       |    29 |     4 ||    33
  Use: Potion            |       |     3 ||     3
 Stab: Invisible         |       |     1 ||     1
  Eat: Chunk             |     2 |     1 ||     3
Armor: Skin              |       |     9 ||     9
       Robe              |       |     1 ||     1
Dodge: Dodged            |    11 |     7 ||    18

Table legend:
 A = Spawn XP
 B = Non-spawn XP
 C = Spawn XP percentage of total XP
 D = Spawn monster count
 E = Non-spawn monster count
 F = Spawn count percentage of total count
 G = Total turns spent on level
                    A         B        C        D         E        F      G
               +---------+---------+-------+---------+---------+-------+---------
         Total |       0 |      95 |   0.0 |       0 |      44 |   0.0 |  1526
               +---------+---------+-------+---------+---------+-------+---------
           D:1 |       0 |      34 |   0.0 |       0 |      20 |   0.0 |   724
           D:2 |       0 |      40 |   0.0 |       0 |      15 |   0.0 |   582
           D:3 |       0 |      21 |   0.0 |       0 |       9 |   0.0 |   220
               +---------+---------+-------+---------+---------+-------+---------
